 Dungeon Crawl Stone Soup version 0.25-a0-700-g7f8a797 (webtiles) character file.

Game seed: 3831232870101323933, levelgen mode: deterministic

8666 Faca the Fighter (level 11, -4/93 HPs)
             Began as a Human Fighter on Apr 2, 2020.
             Was a Believer of Okawaru.
             Slain by a fire dragon (7 damage)
             ... on level 10 of the Dungeon.
             The game lasted 00:22:41 (11763 turns).

Faca the Fighter (Human Fighter)                   Turns: 11763, Time: 00:22:41

Health: -4/93      AC: 15    Str: 20    XL:     11   Next: 60%
Magic:  10/11      EV:  5    Int:  9    God:    Okawaru [**....]
Gold:   710        SH: 11    Dex: 12    Spells: 10/10 levels left

rFire    + . .     SeeInvis .   x - +3 flail (vorpal)
rCold    + + .     Gourm    .   c - +1 kite shield
rNeg     . . .     Faith    .   t - +4 chain mail {rC+}
rPois    .         Spirit   .   j - +0 helmet
rElec    .         Reflect  .   s - scarf {rC+ rF+}
rCorr    .         Harm     .   (no gloves)
MR       .....                  (no boots)
Stlth    ..........             (no amulet)
HPRegen  0.25/turn              (no ring)
MPRegen  0.12/turn              (no ring)

@: lightly drained
A: no striking features
a: Heroism, Renounce Religion


You were on level 10 of the Dungeon.
You worshipped Okawaru.
Okawaru was pleased with you.
You were not hungry.

You visited 2 branches of the dungeon, and saw 11 of its levels.

You collected 710 gold pieces.

Inventory:

Hand Weapons
 g - a +2 vorpal morningstar
 x - a +3 vorpal flail (weapon)
Missiles
 l - 5 throwing nets
 n - 16 boomerangs (quivered)
Armour
 c - a +1 kite shield (worn)
 j - a +0 helmet (worn)
 s - a scarf of resistance (worn)
 t - a +4 chain mail of cold resistance (worn)
Wands
 m - a wand of flame (21)
 o - a wand of polymorph (9)
Scrolls
 k - 3 scrolls of magic mapping
 p - 2 scrolls of remove curse
 q - 2 scrolls of immolation
 y - 3 scrolls of fog
 B - 2 scrolls of enchant weapon
Potions
 a - 2 potions of invisibility {unknown}
 b - 2 potions of curing
 d - 2 potions of might
 e - a potion of resistance
 h - 2 potions of ambrosia
 i - 3 potions of lignification
 u - 2 potions of flight {unknown}
 v - 3 potions of haste {unknown}
 z - 2 potions of mutation {unknown}
 C - a potion of stabbing {unknown}
Comestibles
 f - 24 rations
 r - 4 chunks of flesh


   Skills:
 + Level 11.5(11.1) Fighting
 + Level 11.2(10.9) Maces & Flails
 + Level 5.9(5.5) Armour
 + Level 5.8(5.5) Shields


You had 10 spell levels left.
You didn't know any spells.
Your spell library contained the following spells:

 Spells                   Type           Power        Failure   Level  Hunger
 Corona                   Hex            #......      100%        1    ##.....
 Sandblast                Erth           #.....       100%        1    ##.....
 Passwall                 Tmut/Erth      #.......     100%        2    ###....
 Poisonous Vapours        Pois/Air       #.....       100%        2    ###....
 Slow                     Hex            #.......     100%        2    ###....
 Conjure Flame            Conj/Fire      #.......     100%        3    ####...
 Inner Flame              Hex/Fire       #.......     100%        3    ####...
 Mephitic Cloud           Conj/Pois/Air  #.......     100%        3    ####...
 Portal Projectile        Hex/Tloc       #.....       100%        3    ####...
 Stone Arrow              Conj/Erth      #.....       100%        3    ####...
 Cause Fear               Hex            #.........   100%        4    #####..
 Leda's Liquefaction      Hex/Erth       #.........   100%        4    #####..
 Petrify                  Tmut/Erth      #.......     100%        4    #####..
 Lee's Rapid Deconstruct  Erth           #.........   100%        5    ######.
 Freezing Cloud           Conj/Ice/Air   #.........   100%        6    #######
 Ring of Flames           Chrm/Fire      #.........   100%        7    #######


Dungeon Overview and Level Annotations

Branches:
Dungeon (10/15)            Temple (1/1) D:5             Orc (0/2) D:10
   Lair: D:8-11

Altars:
Ashenzari
Cheibriados
Dithmenos
Elyvilon
Fedhas
Gozag
Hepliaklqana
Kikubaaqudgha
Makhleb
Nemelex Xobeh
Okawaru
Qazlal
Ru
Sif Muna
Trog
Uskayaw
Vehumet
Wu Jian
Xom
Yredelemnul
Zin
The Shining One
Beogh

Shops:
D:2 *   D:5 =


Message History

The fire dragon bites you but does no damage.
The fire dragon claws you but does no damage.
The fire dragon tramples you.
* * * LOW HITPOINT WARNING * * *
You stumble backwards!
You hit the fire dragon but do no damage.
The fire dragon is severely wounded.
You block the fire dragon's attack. x2; The fire dragon tramples you.
* * * LOW HITPOINT WARNING * * *
You stumble backwards!
You barely miss the fire dragon.
The fire dragon is severely wounded.
The fire dragon bites you!
* * * LOW HITPOINT WARNING * * *
The fire dragon claws you but does no damage.
The fire dragon tramples you but does no damage.
You sock the fire dragon!
The fire dragon is almost dead.
The fire dragon bites you!
You die...

..## #.#<.## #.#.# #..##
#.#...# #.#.# ### #...#
#>#.#)###.#.# #.. ....###
#D#.#[)##.#.# #.#
......###.#.##.##.#.# #.#
....#)....#.##.##.#.######
#.#
#...#.###)#...............#
#.# #..##.#
#.#####.#.#.#####.# #..
..##..# #......D@.#.# #.#
### .##..## ########..#.#
#.# # ##..# ##### #..#.#
#.# # #..# #)).# #..#.# #.#
# ..# #.#.#####!>#.# #^# #
### #.#....(((...#
#.####### #)############
#.(.....† #.# ######### #.#
#


You could see a fire dragon.

Vanquished Creatures
  A centaur warrior (D:8)
  A two-headed ogre (D:9)
  A manticore (D:8)
  Joseph (D:9)
  A wraith (D:10)
  4 fire bats (D:10)
  Menkaure (D:4)
  Edmund (D:5)
  A water moccasin (D:9)
  4 ice beasts
  A sky beast (D:8)
  3 orc warriors (D:9)
  A black bear (D:8)
  A necrophage (D:10)
  7 centaurs
  8 ogres
  A big kobold (D:8)
  4 bullfrogs
  An elf skeleton (D:7)
  A gnoll sergeant (D:10)
  A water moccasin zombie (D:8)
  5 scorpions
  5 wights
  8 killer bees
  5 howler monkeys
  5 crimson imps
  A quasit (D:7)
  A bullfrog zombie (D:6)
  2 centaur zombies
  3 bullfrog skeletons (D:5)
  8 hounds
  4 human zombies (D:7)
  2 centaur skeletons
  A gnoll shaman (D:4)
  8 orc priests
  4 jellies
  4 iguanas
  Terence (D:2)
  A human skeleton (D:7)
  4 orc wizards
  8 worker ants
  A hound zombie (D:8)
  A hound skeleton (D:5)
  2 mummies (D:7)
  Robin (D:2)
  A howler monkey skeleton (D:5)
  8 gnolls
  10 adders
  3 shadow imps
  An adder zombie (D:7)
  4 worms
  A dart slug (D:2)
  6 leopard geckos
  28 orcs
  6 bats
  5 giant cockroaches
  8 goblins
  10 hobgoblins
  10 jackals
  7 kobolds
  3 quokkas
  A ball python (D:4)
  5 frilled lizards
  A leopard gecko skeleton (D:4)
  2 orc zombies (D:7)
  A quokka skeleton (D:7)
251 creatures vanquished.

Vanquished Creatures (others)
  An orc wizard (D:5)
1 creature vanquished.

Grand Total: 252 creatures vanquished

Notes
Turn   | Place    | Note
-------+----------+-------------------------------------------
     0 | D:1      | Faca the Human Fighter began the quest for the Orb.
     0 | D:1      | Reached XP level 1. HP: 18/18 MP: 1/1
   359 | D:1      | Reached XP level 2. HP: 24/24 MP: 2/2
   629 | D:2      | Reached XP level 3. HP: 22/29 MP: 3/3
   691 | D:2      | Noticed Terence
   706 | D:2      | Killed Terence
   706 | D:2      | Reached XP level 4. HP: 35/37 MP: 4/4
   780 | D:2      | Noticed Robin
   943 | D:2      | Killed Robin
  1113 | D:2      | Found Zin's Purification Station.
  1116 | D:2      | Found a glowing silver altar of Zin.
  1169 | D:2      | Reached XP level 5. HP: 42/42 MP: 5/5
  1649 | D:3      | Found a sacrificial altar of Ru.
  1723 | D:3      | Found a blossoming altar of Fedhas.
  2462 | D:3      | Reached XP level 6. HP: 9/50 MP: 6/6
  2743 | D:4      | Noticed Menkaure
  2752 | D:4      | Killed Menkaure
  2752 | D:4      | Reached skill level 5 in Fighting
  2995 | D:4      | Reached skill level 5 in Maces & Flails
  3007 | D:4      | Reached XP level 7. HP: 54/56 MP: 7/7
  3958 | D:5      | Entered Level 5 of the Dungeon
  4269 | D:5      | Reached XP level 8. HP: 65/65 MP: 8/8
  4528 | D:5      | Found a staircase to the Ecumenical Temple.
  4546 | Temple   | Entered the Ecumenical Temple
  4638 | D:5      | Noticed Edmund
  4664 | D:5      | Killed Edmund
  5151 | D:5      | Found Eroemaah's Jewellery Boutique.
  5738 | D:6      | Reached XP level 9. HP: 68/74 MP: 9/9
  6055 | D:7      | Found a roughly hewn altar of Beogh.
  6652 | D:7      | Found a basalt altar of Yredelemnul.
  7034 | D:8      | Noticed a manticore
  7059 | D:8      | Noticed a centaur warrior
  7067 | D:8      | Killed a manticore
  7067 | D:8      | Reached XP level 10. HP: 43/84 MP: 10/10
  7073 | D:8      | Killed a centaur warrior
  7073 | D:8      | Reached skill level 10 in Fighting
  7073 | D:8      | Reached skill level 10 in Maces & Flails
  8262 | D:8      | You fall into a shaft and drop 1 floor!
  8262 | D:9      | Found a shattered altar of Ashenzari.
  8262 | D:9      | Found a hazy altar of Hepliaklqana.
  8262 | D:9      | Found an iron altar of Okawaru.
  8262 | D:9      | Found a radiant altar of Vehumet.
  8262 | D:9      | Found a snail-covered altar of Cheibriados.
  8262 | D:9      | Found a white marble altar of Elyvilon.
  8262 | D:9      | Found a stormy altar of Qazlal.
  8266 | D:9      | Became a worshipper of Warmaster Okawaru
  8862 | D:9      | Reached XP level 11. HP: 82/92 MP: 11/11
  9107 | D:9      | Noticed Joseph
  9131 | D:9      | Killed Joseph
  9131 | D:9      | Reached * piety under Okawaru
  9304 | D:9      | Noticed a two-headed ogre
  9317 | D:9      | Killed a two-headed ogre
  9317 | D:9      | Reached skill level 5 in Armour
  9317 | D:9      | Reached skill level 5 in Shields
  9605 | D:9      | Found a shimmering altar of Xom.
  9923 | D:10     | Entered Level 10 of the Dungeon
  9984 | D:10     | Found a staircase to the Orcish Mines.
 10994 | D:10     | Reached ** piety under Okawaru
 11067 | D:10     | Noticed a fire dragon
 11068 | D:10     | Found the +7 great mace "Firestarter" {inner flame, rF++}
 11762 | D:10     | HP: 2/93 [fire dragon (8)]
 11763 | D:10     | Slain by a fire dragon

Levels and vault maps discovered:
D:1:      onia_arrival_pyramid, layout_basic
D:2:      layout_basic, zin_purify, first_ration, moated_statue, uniq_robin,
          uniq_terence
D:3:      layout_basic, nicolae_ru_sacrificial_ziggurat, fedhas_altar_2,
          st_stairs_6, kennysheep_generic_room_13
D:4:      layout_loops_ring, uniq_menkaure
D:5:      layout_basic, minmay_temple_entry_mist, serial_shops,
          nicolae_shop_stone, uniq_edmund
D:6:      layout_rooms
D:7:      layout_loops_ring, lemuel_mausoleum_altar_yredelemnul,
          david_defended_altar_orc
D:8:      cheibrodos_elevator_heist, layout_loops_ring, grunt_ogre_cave
D:9:      layout_stronghold, old_standard_altar, grunt_temple_overflow_open,
          uniq_joseph
D:10:     minmay_firetagon, layout_basic
Temple:   eino_wide_crystal_templ

Skill      XL: |  1  2  3  4  5  6  7  8  9 10 11 |
---------------+----------------------------------+-----
Fighting       | 4 5 6 8 9 10 11 | 11.5
Maces & Flails | 3 4 5 6 7 9 10 11 | 11.2
Armour         | 4 5 |  5.9
Shields        | 4 5 |  5.8

Action                   |  1- 3 |  4- 6 |  7- 9 | 10-12 || total
-------------------------+-------+-------+-------+-------++-------
Melee: Flail             |    83 |   242 |   401 |   483 ||  1209
Throw: Boomerang         |       |     1 |       |       ||     1
Invok: Heroism           |       |       |       |     3 ||     3
Evoke: Wand              |       |     3 |       |       ||     3
  Use: Scroll            |     5 |     4 |     7 |     7 ||    23
       Potion            |       |     1 |     2 |     2 ||     5
 Stab: Distracted        |       |       |       |     1 ||     1
  Eat: Chunk             |       |     6 |    15 |    12 ||    33
       Ration            |       |       |       |     1 ||     1
Armor: Scale mail        |    55 |    72 |       |       ||   127
       Chain mail        |       |    45 |   199 |   233 ||   477
Dodge: Dodged            |    38 |    53 |    71 |    98 ||   260
Block: Kite shield       |    49 |   134 |   206 |   270 ||   659

Table legend:
 A = Non-vault XP
 B = Vault XP
 C = Vault XP percentage of total XP
 D = Non-vault monster count
 E = Vault monster count
 F = Vault count percentage of total count
                 A         B        C        D         E       F
            +---------+---------+-------+---------+---------+-------
      Total |    8405 |    3975 |  32.1 |     204 |      47 |  18.7
            +---------+---------+-------+---------+---------+-------
        D:1 |      10 |       0 |   0.0 |       6 |       0 |   0.0
        D:2 |      69 |      75 |  52.1 |      16 |      14 |  46.7
        D:3 |      51 |       8 |  13.6 |      13 |       4 |  23.5
        D:4 |     616 |     172 |  21.8 |      26 |       1 |   3.7
        D:5 |     569 |     166 |  22.6 |      18 |       1 |   5.3
        D:6 |     456 |       0 |   0.0 |      12 |       0 |   0.0
        D:7 |     668 |     580 |  46.5 |      16 |      15 |  48.4
        D:8 |    1632 |    1771 |  52.0 |      30 |       7 |  18.9
        D:9 |    2564 |     407 |  13.7 |      32 |       1 |   3.0
       D:10 |    1770 |     796 |  31.0 |      35 |       4 |  10.3
            +---------+---------+-------+---------+---------+-------
